 Dungeon Crawl Stone Soup version 0.12.2-10-g0fb3e6e (webtiles) character file.

203 Clumsy the Skirmisher (level 4, -6/40 HPs)
             Began as a Draconian Fighter on July 10, 2013.
             Mangled by a gnoll
             ... wielding a +0,+0 whip
              (7 damage)
             ... on Level 1 of the Dungeon.
             The game lasted 00:06:03 (1942 turns).

Clumsy the Skirmisher (Draconian Fighter)           Turns: 1942, Time: 00:06:03

HP  -6/40        AC  7     Str 18      XL: 4   Next: 13%
MP   3/3         EV 12     Int 10      God:
Gold 126         SH  0     Dex 10      Spells:  0 memorised,  3 levels left

Res.Fire  : . . .   See Invis. : .   a - +0 falchion
Res.Cold  : . . .   Warding    : .   (armour unavailable)
Life Prot.: . . .   Conserve   : .   (no shield)
Res.Poison: .       Res.Corr.  : .   (helmet restricted)
Res.Elec. : .       Clarity    : .   (no cloak)
Sust.Abil.: . .     Spirit.Shd : .   b - +0 pair of gauntlets
Res.Mut.  : .       Stasis     : .   d - +0 pair of boots
Res.Rott. : .       Ctrl.Telep.: .   (no amulet)
Saprovore : . . .   Flight     : .   (no ring)
                                     (no ring)

@: slightly resistant to hostile enchantments, unstealthy
A: unfitting armour, AC +5
a: no special abilities


You were on level 1 of the Dungeon.
You were hungry.

You visited 1 branch of the dungeon, and saw 2 of its levels.

You collected 106 gold pieces.

Inventory:

Hand weapons
 a - a +0,+0 falchion (weapon)
Armour
 b - a +0 pair of gauntlets (worn)
 c - a +0 shield
 d - a +0 pair of boots (worn)
 p - a +2 buckler
Comestibles
 f - 3 bread rations
 m - a meat ration
 q - a rotting chunk of goblin flesh
Scrolls
 e - a scroll of recharging {unknown}
 i - 3 scrolls of fear {unknown}
 k - a scroll of identify {unknown}
Jewellery
 o - an uncursed ring of life protection {unknown}
Potions
 g - a potion of slowing {unknown}
 h - a potion of invisibility {unknown}
 n - a potion of restore abilities {unknown}


   Skills:
 + Level 4.3 Fighting
 * Level 3.5 Long Blades
 - Level 2.6 Dodging
   Level 3.0 Shields


You had 3 spell levels left.
You didn't know any spells.

Dungeon Overview and Level Annotations

Branches:
Dungeon (2/27)

Altars:
Nemelex Xobeh
Trog


Message History

The gnoll hits you from afar with a halberd!
The gnoll shouts!
The gnoll throws a club.
The club misses you.
The gnoll hits you from afar with a halberd!
The gnoll picks up a club.
The gnoll closely misses you.
The gnoll throws a club.
The club misses you. The gnoll closely misses you.
The gnoll hits you from afar with a halberd!
The gnoll barely misses you. The gnoll hits you with a whip!
* * * LOW HITPOINT WARNING * * *
You climb upwards.
There is a stone staircase leading down here.
The gnoll hits you with a whip.
* * * LOW HITPOINT WARNING * * *
You closely miss the gnoll. The gnoll barely misses you.
You drop 2 fizzy green potions.
The gnoll hits you with a whip.
* * * LOW HITPOINT WARNING * * *
You drop a rotting chunk of goblin flesh.
The gnoll hits you with a whip!
You die...

#...# #...### ###..%###
#########.....# #.......#
#.............# #.#####.#
#.######......# #.# #.#
#.#...##....### #.#####.#
#.#...##....#
#.#...#.##########.#......#.[####
.................................
................@............###.
#.#####.########g.......#...%###.
..# #.##.......................
..# #.##...#..>#.#.####.##....#
..#####.##...#...#.#.####.##....#
.....)%...................#.....#
#...###....#.#......§######...###
.%..# #....#...+#≈≈≈##........#
....# #.##.###.#.§...#......#####


You could see a gnoll.

Vanquished Creatures
  Ijyb (D:2)
  2 adders (D:2)
  3 giant cockroaches (D:2)
  4 hobgoblins
  A jackal (D:1)
  A quokka (D:2)
  6 bats
  3 giant newts
  8 goblins
  6 kobolds
  9 rats
44 creatures vanquished.

Notes
Turn   | Place    | Note
--------------------------------------------------------------
     0 | D:1      | Clumsy, the Draconian Fighter, began the quest for the Orb.
     0 | D:1      | Reached XP level 1. HP: 19/19 MP: 0/0
   427 | D:1      | Reached XP level 2. HP: 26/26 MP: 1/1
   776 | D:2      | Found a bloodstained altar of Trog.
   868 | D:2      | Found a sparkling altar of Nemelex Xobeh.
   991 | D:2      | Reached XP level 3. HP: 33/33 MP: 2/2
  1328 | D:2      | Reached skill level 4 in Fighting
  1581 | D:2      | Noticed Ijyb
  1599 | D:2      | Killed Ijyb
  1599 | D:2      | Reached XP level 4. HP: 35/40 MP: 3/3
  1941 | D:1      | HP: 1/40 [gnoll/whip (4)]
  1942 | D:1      | Mangled by a gnoll

Action                   |  1- 3 |  4- 6 || total
-------------------------+-------+-------++-------
Melee: Falchion          |   137 |     4 ||   141
 Stab: Sleeping          |       |     1 ||     1
